 Dungeon Crawl Stone Soup version 0.17-a0-427-ga655056 (webtiles) character file.

49 McCoppin the Sneak (level 3, -1/24 HPs)
             Began as an Octopode Assassin on Apr 3, 2015.
             Slain by a kobold
             ... wielding a +0 dagger
              (2 damage)
             ... on level 2 of the Dungeon.
             The game lasted 00:03:21 (1061 turns).

McCoppin the Sneak (Octopode Assassin)              Turns: 1061, Time: 00:03:22

Health: -1/24      AC:  1    Str: 10    XL:     3   Next: 77%
Magic:  3/3        EV: 12    Int: 13    God:
Gold:   53         SH:  0    Dex: 14    Spells: 0 memorised, 2 levels left

rFire  . . .     SeeInvis .     a - +2 dagger
rCold  . . .     Clarity  .     (no shield)
rNeg   . . .     SustAb   .     (helmet restricted)
rPois  .         Gourm    .     (no amulet)
rElec  .         Spirit   .     (no ring)
rCorr  .         Warding  .     (no ring)
rMut   .         Stasis   .     (no ring)
MR     .....                    (no ring)
Stlth  +++++.....               (no ring)
                                (no ring)
                                (no ring)
                                (no ring)

@: not resistant to hostile enchantments, quite stealthy
A: almost no armour, amphibious, 8 rings, constrict 8, camouflage 1, gelatinous
body 1
a: no special abilities


You were on level 2 of the Dungeon.
You were hungry.

You visited 1 branch of the dungeon, and saw 2 of its levels.

You collected 53 gold pieces.

Inventory:

Hand weapons
 a - a +2 dagger (weapon)
 b - a +0 blowgun
Missiles
 e - 8 poisoned needles
 f - 2 curare-tipped needles
Scrolls
 j - 2 scrolls of recharging {unknown}
 k - a scroll of teleportation {unknown}
 l - a scroll of enchant weapon {unknown}
 m - a scroll of magic mapping {unknown}
 p - a scroll of immolation {unknown}
 q - a scroll of identify {unknown}
Potions
 c - 2 potions of haste {unknown}
 d - 2 potions of curing {unknown}
 i - a potion of agility {unknown}
Comestibles
 g - 2 bread rations
 h - a slice of pizza
 n - 3 fruits
 o - a meat ration


   Skills:
 - Level 2.0 Fighting
 + Level 2.6 Short Blades
 - Level 2.0 Throwing
 - Level 1.0 Dodging
 * Level 6.8 Stealth


You had 2 spell levels left.
You didn't know any spells.

Dungeon Overview and Level Annotations

Branches:
Dungeon (2/15)

Altars:


Innate Abilities, Weirdness & Mutations

You cannot wear most types of armour.
You are amphibious.
You can wear up to eight rings at the same time.
You can use your tentacles to constrict eight enemies at once.
Your skin changes colour to match your surroundings (Stealth).
Your rubbery body absorbs attacks (AC +1).


Message History

You swing at nothing.
The kobold hits you with a dagger.
You swing at nothing.
You swing at nothing.
The kobold hits you with a dagger.
You swing at nothing.
The kobold closely misses you.
You swing at nothing.
The kobold hits you with a dagger.
* * * LOW HITPOINT WARNING * * *
You swing at nothing.
The kobold hits you with a dagger.
* * * LOW HITPOINT WARNING * * *
You swing at nothing.
The kobold hits you but does no damage.
You swing at nothing.
The kobold hits you with a dagger.
* * * LOW HITPOINT WARNING * * *
You swing at nothing.
You swing at nothing.
You are feeling hungry.
The kobold closely misses you.
You swing at nothing.
The kobold closely misses you.
You swing at nothing.
The kobold barely misses you.
You swing at nothing.
The kobold hits you but does no damage.
You swing at nothing.
The kobold hits you with a dagger.
You die...

..# #.# #.#
#.# #.# #.#
#g# #K# #@###
#.#.. . #.#.#
.# #.#.# .#
#.#.###### .#
#(.......# .#
###.####.# .#
#.# #.# .#
#.####.####†#


You could see a hobgoblin and a kobold.

Vanquished Creatures
  An adder (D:2)
  A gnoll (D:1)
  A giant gecko (D:1)
  An ooze (D:1)
  A giant cockroach (D:1)
  2 hobgoblins (D:1)
  7 jackals
  5 kobolds
  A ball python (D:1)
  2 bats
  4 giant newts
  A goblin (D:1)
  4 rats (D:1)
31 creatures vanquished.

Notes
Turn   | Place    | Note
--------------------------------------------------------------
     0 | D:1      | McCoppin, the Octopode Assassin, began the quest for the Orb.
     0 | D:1      | Reached XP level 1. HP: 14/14 MP: 1/1
    28 | D:1      | Reached XP level 2. HP: 19/19 MP: 2/2
    50 | D:1      | Reached skill level 6 in Stealth
   499 | D:1      | Reached XP level 3. HP: 17/24 MP: 3/3
  1055 | D:2      | HP: 1/24 [kobold/dagger (2)]
  1061 | D:2      | Slain by a kobold

Action                   || total
-------------------------++-------
Melee: Dagger            ||    59
 Stab: Sleeping          ||    10
